Map: 서브머린 - 래더

Players

Trap

  • Race: Protoss Protoss
  • Spawn Location: 5:00

Hurricane - Winner!

  • Race: Protoss Protoss
  • League: Master
  • Spawn Location: 11:00

Event: War Chest Team League

VOD

Have the link to the VOD?

Description

Time

  • Played on: Aug. 14, 2020, 7:59 a.m.
  • Length: 9:27
Show
View Real Time Build Order
Export as new Build Order

Trap Protoss 

Build Orders:  

Get SALT Encoding   

  12  0:00  Probe  
  13  0:12  Probe  
  14  0:17  Pylon  
  14  0:24  Probe (Chrono Boost)  
  15  0:36  Probe (Chrono Boost)  
  15  0:37  Gateway  
  16  0:44  Probe (Chrono Boost)  
  16  0:46  Assimilator  
  17  0:50  Probe  
  17  0:56  Assimilator  
  18  1:03  Probe (Chrono Boost)  
  19  1:07  Gateway  
  20  1:12  Probe (Chrono Boost)  
  20  1:17  Probe (Chrono Boost)  
  20  1:24  Cybernetics Core  
  21  1:29  Probe  
  22  1:34  Pylon  
  22  1:41  Probe  
  23  1:53  Probe  
  24  2:00  Stalker x2  
  24  2:01  Warp Gate  
  28  2:09  Pylon  
  28  2:27  Robotics Facility  
  28  2:30  Stalker  
  28  2:33  Stalker  
  32  2:53  Shield Battery  
  32  3:12  Sentry  
  34  3:19  Immortal (Chrono Boost), Nexus  
  37  3:35  Pylon  
  37  3:40  Probe  
  38  3:50  Warp Prism (Chrono Boost)  
  38  3:54  Sentry x2  
  44  4:03  Probe  
  45  4:15  Probe  
  46  4:20  Pylon  
  46  4:27  Probe  
  47  4:31  Sentry, Stalker  
  47  4:33  Shield Battery  
  52  4:45  Probe  
  52  4:54  Adept x2  
  52  4:59  Immortal (Chrono Boost)  
  56  5:00  Shield Battery  
  60  5:08  Probe  
  60  5:09  Probe  
  62  5:21  Twilight Council  
  62  5:24  Shield Battery  
  62  5:28  Immortal (Chrono Boost)  
  66  5:40  Adept x2  
  70  5:43  Pylon  
  70  5:53  Resonating Glaives (Chrono Boost), Gateway  
  70  6:06  Adept x2  
  72  6:14  Probe x2 (Chrono Boost)  
  70  6:26  Probe (Chrono Boost)  
  70  6:29  Adept x2  
  70  6:32  Probe (Chrono Boost)  
  72  6:36  Probe (Chrono Boost)  
  72  6:39  Probe (Chrono Boost)  
  74  6:49  Adept x2  
  78  6:56  Pylon  
  78  6:58  Pylon  
  78  7:12  Immortal (Chrono Boost)  
  78  7:14  Pylon  
  79  7:23  Zealot x2  
  69  7:47  Immortal (Chrono Boost)  
  31  8:29  Probe  
  20  8:41  Probe  
  20  8:46  Pylon  
  25  8:49  Pylon  
  25  9:00  Gateway  
  21  9:02  Gateway  
  21  9:03  Adept  
  21  9:04  Probe  
  24  9:19  Adept  
Show
View Real Time Build Order
Export as new Build Order

Hurricane Protoss - Winner!

Build Orders:  

Get SALT Encoding   

  12  0:00  Probe  
  13  0:12  Probe  
  14  0:17  Pylon  
  14  0:24  Probe (Chrono Boost)  
  15  0:36  Gateway, Probe (Chrono Boost)  
  16  0:44  Probe (Chrono Boost)  
  16  0:46  Assimilator  
  17  0:51  Probe  
  17  0:55  Assimilator  
  18  1:03  Probe (Chrono Boost)  
  19  1:07  Gateway  
  19  1:13  Probe (Chrono Boost)  
  19  1:18  Probe (Chrono Boost)  
  20  1:25  Cybernetics Core  
  21  1:29  Probe  
  22  1:35  Pylon  
  22  1:41  Probe  
  23  1:53  Probe  
  24  2:01  Adept x2  
  24  2:02  Warp Gate  
  24  2:07  Pylon  
  28  2:31  Stalker x2  
  32  2:51  Nexus  
  32  2:58  Shield Battery  
  32  3:03  Sentry x2  
  36  3:13  Robotics Facility  
  36  3:17  Pylon  
  36  3:21  Shield Battery  
  36  3:29  Probe  
  37  3:38  Gateway  
  37  3:41  Probe  
  38  3:50  Sentry, Stalker  
  38  3:53  Probe  
  43  4:03  Observer (Chrono Boost)  
  43  4:04  Probe  
  43  4:05  Probe  
  46  4:14  Adept  
  46  4:15  Adept  
  50  4:23  Immortal (Chrono Boost)  
  54  4:29  Probe  
  55  4:38  Probe  
  56  4:41  Observer  
  52  4:54  Sentry, Stalker  
  52  4:55  Warp Prism (Chrono Boost)  
  56  5:08  Pylon  
  56  5:23  Pylon  
  56  5:37  Gateway  
  56  5:38  Immortal (Chrono Boost)  
  56  5:41  Gateway  
  60  5:49  Adept  
  62  6:15  Pylon  
  62  6:20  Pylon  
  60  6:31  Immortal (Chrono Boost)  
  60  6:32  Sentry  
  62  6:35  Pylon  
  62  6:37  Adept  
  62  6:38  Adept x2  
  68  6:57  Nexus  
  68  7:12  Sentry, Adept  
  68  7:13  Adept, Sentry  
  76  7:39  Immortal  
  76  7:40  Adept x2  
  76  7:41  Adept x2  
  86  7:46  Shield Battery  
  70  8:04  Adept x2  
  70  8:07  Sentry  
  44  8:52  Sentry, Adept  
  48  9:03  Adept  
Tags
 
Add a new tag
Caveats
  • Supply blocks, unpowered buildings, or Contaminate may cause inaccurate times.
  • Supply counts are checked every 10 seconds.